 Dungeon Crawl Stone Soup version 0.32-a0-656-g3542139ebd (webtiles) character file.

Game seed: 4077945293713285472

2419 ytrimaz the Ducker (level 9, -2/93 HPs)
             Began as a Demigod Air Elementalist on Mar 8, 2024.
             Slain by an orc warrior
             ... wielding a +0 halberd of electrocution
              (7 damage)
             ... in a bailey.
             The game lasted 00:13:54 (8812 turns).

ytrimaz the Ducker (Demigod Air Elementalist)       Turns: 8812, Time: 00:13:55

Health: -2/93      AC: 24    Str:  9    XL:     9   Next: 3%
Magic:  15/21      EV:  2    Int: 35    God:
Gold:   377        SH:  0    Dex: 14    Spells: 9/19 levels left

rFire   . . .        i - +3 dagger (speed)
rCold   . . .        (no shield)
rNeg    . . .        w - melded +1 robe {Will+}
rPois   +            (helmet currently unavailable)
rElec   .            s - melded +0 cloak
rCorr   .            (gloves currently unavailable)
SInv    .            (boots currently unavailable)
Will    .....        (no amulet)
Stlth   ++           c - +5 ring of evasion
HPRegen 0.35/turn    h - +6 ring of intelligence
MPRegen 0.17/turn

%: no passive effects
@: tree-form, very slightly contaminated
A: stationary, stasis, torment immunity, boosted hp, high MP 1, forlorn, divine
attributes
a: no special abilities


You were in a bailey.
You were a tree.
You visited 1 branch of the dungeon, and saw 7 of its levels.
You also visited: Bailey.

You collected 377 gold pieces.


Innate Abilities, Weirdness & Mutations

You are a tree.
Your roots penetrate the ground, keeping you stationary.
You cannot be teleported.
You are immune to unholy pain and torment.
Your maximum health is greatly increased.
Your equipment is partially melded.
You have an increased reservoir of magic. (+10% MP)
You shall have no god before yourself.
Your divine heritage dramatically boosts your attributes as you level up.


   Skills:
 + Level 6.1 Dodging
 - Level 1.7 Stealth
 + Level 5.5 Spellcasting
 + Level 5.7 Conjurations
 - Level 6.0 Air Magic


You had 9 spell levels left.
You knew the following spells:

 Your Spells              Type           Power      Damage    Failure   Level
a - Shock                 Conj/Air       100%       1d9       1%          1
b - Static Discharge      Conj/Air       100%       3-8/arc   1%          2
c - Swiftness             Air            51%        N/A       1%          3
d - Airstrike             Air            25%        2d(4-20)  3%          4

Your spell library contained the following spells:

 Spells                   Type           Power      Damage    Failure   Level
 Call Canine Familiar     Summ           9%         N/A       12%         3
 Fugue of the Fallen      Necr           9%         N/A       12%         3
 Ozocubu's Armour         Ice            9%         N/A       12%         3
 Sigil of Binding         Hex            9%         N/A       12%         3
 Dimensional Bullseye     Hex/Tloc       4%         N/A       36%         4
 Manifold Assault         Tloc           9%         N/A       36%         4

Inventory:

Hand Weapons
 i - a +3 dagger of speed (weapon)
   (You took it off a goblin on level 1 of the Dungeon)
Missiles
 l - a throwing net
Armour
 s - a +0 cloak (melded)
   (You found it on level 4 of the Dungeon)
 w - a +1 robe of willpower (melded)
   (You took it off an orc wizard on level 4 of the Dungeon)
 z - an orb of mayhem
   (You found it on level 6 of the Dungeon)
Jewellery
 c - a +5 ring of evasion (left branch)
   (You found it on level 1 of the Dungeon)
 h - a +6 ring of intelligence (right branch)
   (You found it on level 2 of the Dungeon)
 A - a +4 ring of slaying
   (You took it off a gnoll on level 6 of the Dungeon)
Wands
 u - a wand of digging (4)
   (You found it on level 4 of the Dungeon)
 v - a wand of light (9) (quivered)
   (You found it on level 5 of the Dungeon)
 y - a wand of mindburst (18)
   (You found it on level 7 of the Dungeon)
Scrolls
 g - 2 scrolls of amnesia
 k - 2 scrolls of revelation
 m - 2 scrolls of vulnerability
 n - 2 scrolls of fog
 t - a scroll of enchant weapon
 x - a scroll of poison
Potions
 a - a potion of berserk rage
 b - 2 potions of magic
 d - 2 potions of ambrosia
 e - a potion of lignification
 f - 3 potions of curing
 j - 2 potions of mutation
 o - 2 potions of might
 p - 2 potions of enlightenment
 q - 3 potions of heal wounds {unknown}
 r - a potion of attraction {unknown}
 B - a potion of invisibility {unknown}

Dungeon Overview and Level Annotations

Branches:
Dungeon (7/15) Zot: 26454  Temple (0/1) D:6          Bailey (1/1) Zot: 5352

Shops:
D:2

*
#.#.###.###)#
+##+
+###'##'##)##
#!.!
##.....##
#.!.!
###.....#
+!.⌠.
#.'..⌠..+
!.!.
###.....# .!#
##.....#
#o###'##+##+
#♣')## #####


You could see an orc warrior (blind, unable to see you).


Message History

😎 HP[+4] MP[+4]
Your hp is fully restored (60).
Your mp is fully restored (21).
There is an open door here.
There is an open door here.
You open the door.
A gnoll comes into view.
It is wielding a +1 halberd of draining.
The gnoll shouts!
You hear a shout!
The gnoll completely misses you.
Something unseen opens the door.
A gnoll is nearby!
A gnoll is nearby!
The zap hits the gnoll.
The gnoll misses you. 😎 MP[-1]
You lost 1 mp, and now have 20/21 mp.
The zap hits the gnoll.
The gnoll completely misses you.
A gnoll comes into view.
It is wielding a +0 halberd of draining. 😎 MP[-1]
You lost 1 mp, and now have 19/21 mp.
The zap hits the gnoll.
The zap hits the gnoll!
The gnoll misses you. 😎 MP[-1]
You lost 1 mp, and now have 18/21 mp.
The zap hits the gnoll.
You kill the gnoll!
The zap misses the gnoll. 😎 MP[-1]
You lost 1 mp, and now have 17/21 mp.
The zap hits the gnoll.
The gnoll misses you. 😎 MP[-1]
You lost 1 mp, and now have 16/21 mp.
The zap hits the gnoll.
You kill the gnoll!
You now have 61 max hp (+1).
You can't see any susceptible monsters within range! (Use Z to cast anyway.)
You can't see any susceptible monsters within range! (Use Z to cast anyway.)
There is an open door here.
Items here: )) ††. 😎 HP[+1] MP[+5]
Your hp is fully restored (61).
Your mp is fully restored (21).
A gnoll comes into view.
It is wielding a +1 halberd of draining.
The gnoll shouts!
You hear a shout!
An orc warrior comes into view.
It is wielding a +0 halberd of electrocution.
A gnoll comes into view.
It is wielding a +2 halberd of draining.
The gnoll shouts!
There is an open door here.
There are monsters nearby!
There are monsters nearby!
The zap hits the orc warrior. 😎 MP[-1]
You lost 1 mp, and now have 20/21 mp.
The zap hits the gnoll! 😎 MP[-1]
You lost 1 mp, and now have 19/21 mp.
The zap hits the gnoll. x2
You kill the gnoll!
Your life force feels restored. 😕 MP[-1]
You now have 62 max hp (+1).
You lost 1 mp, and now have 18/21 mp.
You miscast Shock.
You are very lightly contaminated with residual magic.
Nothing appears to happen.
The gnoll misses you. 😕 MP[-1]
You lost 1 mp, and now have 17/21 mp.
The zap hits the gnoll! x2
You kill the gnoll! 😕 MP[-1]
You lost 1 mp, and now have 16/21 mp.
Unknown command.
The zap hits the orc warrior!
The zap hits the orc warrior but does no damage.
The orc warrior closely misses you.
The zap hits the orc warrior but does no damage.
The zap hits the orc warrior.
The orc warrior hits you from afar with a +0 halberd of electrocution!
You are electrocuted! 😮 HP[-27] MP[-1]
You take 27 damage, and now have 34/62 hp.
MASSIVE DAMAGE!! (PAUSE)
You lost 1 mp, and now have 15/21 mp.
The orc warrior hits you with a +0 halberd of electrocution!
* * * LOW HITPOINT WARNING * * *
😨 HP[-17]
You take 17 damage, and now have 17/62 hp.
MASSIVE DAMAGE!! (PAUSE) Unknown command.
You turn into a tree.
Your +0 cloak melds into your body.
Your +1 robe of willpower melds into your body.
You feel less strong-willed.
Your roots penetrate the ground.
The orc warrior hits you with a +0 halberd of electrocution!
* * * LOW HITPOINT WARNING * * *
You are electrocuted!
* * * LOW HITPOINT WARNING * * *
😱 HP[-12]
You now have 93 max hp (+31).
Okay, then.
Okay, then.
Aiming: Bolt of Light
Press: ? - help, Q - select action, (/) - cycle Shift-Dir - straight line, f/p - orc warrior
Aim: an orc warrior, wielding a +0 halberd of electrocution and wearing a +0 plate armour (heavily wounded, 71% to hit)
The bolt of light hits the orc warrior!
The orc warrior is blinded.
The orc warrior hits you with a +0 halberd of electrocution!
You die...

Skill      XL: |  1  2  3  4  5  6  7  8 |
---------------+-------------------------+-----
Conjurations   | 1 2 3 4 5 |  5.7
Dodging        | 2 3 4 6 |  6.1
Spellcasting   | 2 3 4 5 |  5.5
Air Magic      | 3 4 5 6 |  6.0
Stealth        | |  1.7

Action                     |  1- 3 |  4- 6 |  7- 9 || total
---------------------------+-------+-------+-------++-------
  Melee: Unarmed           |     5 |       |       ||     5
         Dagger            |     2 |     2 |     3 ||     7
   Cast: Shock             |   108 |    63 |   207 ||   378
         Static Discharge  |       |     5 |    18 ||    23
         Airstrike         |       |     5 |    23 ||    28
         Swiftness         |       |       |     3 ||     3
  Evoke: Wand              |       |       |     1 ||     1
    Use: Scroll            |     9 |     4 |     4 ||    17
         Potion            |       |       |     1 ||     1
 Armour: Robe              |    10 |    18 |    51 ||    79
         Skin              |       |       |     2 ||     2
  Dodge: Dodged            |    14 |    15 |    46 ||    75

Levels and vault maps discovered:
D:1:      saegor_arrival_simple_e, layout_basic
D:2:      minmay_angry_zag, layout_basic, serial_shops, shop,
          basic_ecumenical_altar, minmay_statues_item, kennysheep_generic_room_6
D:3:      layout_rooms, nicolae_ru_sacrificial_ziggurat
D:4:      layout_rooms, serial_bayou, serial_bayou_pond_b, serial_bayou_pond_b,
          serial_bayou_pond_b, serial_bayou_pond_e, serial_bayou_shore_b,
          minmay_fractal_squares_5, uniq_eustachio
D:5:      layout_basic, mainiacjoe_overflow_alcove_2,
          nicolae_dithmenos_the_darkroom, nemelex_xobeh_ov_fountains_minmay,
          minivault_5, nicolae_fountain_basement, uniq_edmund
D:6:      layout_basic, mainiacjoe_overflow_brackets, old_standard_altar,
          minmay_temple_entry_enclosed_plants, kennysheep_generic_room_12,
          uniq_duvessa
D:7:      layout_loops_cross, mainiacjoe_overflow_catwalk_spiral,
          mainiacjoe_overflow_catwalk, enter_bailey_7, uniq_pikel
Bailey:   bailey_polearm_nasty_gnolls, bailey

Notes
Turn   | Place    | Note
-------+----------+-------------------------------------------
     0 | D:1      | ytrimaz the Demigod Air Elementalist began the quest for
                  | the Orb.
     0 | D:1      | Reached XP level 1. HP: 14/14 MP: 5/5
     0 | D:1      | magus.rc [v1.9.6]
    27 | D:1      | Reached skill level 1 in Conjurations
    42 | D:1      | HP: 3/14 [endoplasm (2)]
   209 | D:1      | Reached skill level 2 in Dodging
   245 | D:1      | You pick up a book of the Hunter and begin reading...
   245 | D:1      | You add the spells Sigil of Binding, Call Canine Familiar
                  | and Dimensional Bullseye to your library.
   250 | D:1      | Reached XP level 2. HP: 20/20 MP: 4/7
   287 | D:1      | Reached skill level 2 in Spellcasting
   623 | D:1      | Reached skill level 3 in Air Magic
   932 | D:1      | Reached XP level 3. HP: 26/26 MP: 6/8
  1511 | D:2      | Found Qioj's Assorted Antiques.
  1535 | D:2      | magus.rc [v1.9.6]
  1887 | D:2      | Reached skill level 2 in Conjurations
  2520 | D:3      | Reached XP level 4. HP: 14/33 MP: 3/10
  2574 | D:3      | Learned a level 2 spell: Static Discharge
  2579 | D:3      | Learned a level 4 spell: Airstrike
  2595 | D:3      | Noticed a bullfrog
  2602 | D:3      | Killed a bullfrog
  2690 | D:3      | Reached skill level 3 in Dodging
  3202 | D:4      | Noticed a black bear
  3218 | D:4      | Killed a black bear
  3218 | D:4      | HP: 7/33 [/static electricity (2)]
  3219 | D:4      | Reached skill level 3 in Spellcasting
  3219 | D:4      | Reached XP level 5. HP: 8/38 MP: 1/12
  3489 | D:4      | Reached skill level 3 in Conjurations
  3489 | D:4      | Reached XP level 6. HP: 45/45 MP: 7/13
  3889 | D:4      | Noticed Eustachio
  3893 | D:4      | Killed Eustachio
  3894 | D:4      | Reached skill level 4 in Air Magic
  3901 | D:4      | Reached skill level 4 in Dodging
  3986 | D:4      | You pick up a book of Battle and begin reading...
  3986 | D:4      | You add the spells Fugue of the Fallen, Ozocubu's Armour
                  | and Manifold Assault to your library.
  4098 | D:4      | Reached XP level 7. HP: 50/50 MP: 8/15
  4730 | D:5      | Entered Level 5 of the Dungeon
  4745 | D:5      | Reached skill level 4 in Spellcasting
  4745 | D:5      | Reached skill level 4 in Conjurations
  5249 | D:5      | Noticed Edmund
  5252 | D:5      | Killed Edmund
  5432 | D:5      | Reached skill level 5 in Air Magic
  5432 | D:5      | Reached XP level 8. HP: 53/57 MP: 9/18
  5505 | D:5      | Reached skill level 5 in Dodging
  6041 | D:6      | Learned a level 3 spell: Swiftness
  6496 | D:6      | Reached skill level 5 in Conjurations
  6588 | D:6      | Noticed Duvessa
  6599 | D:6      | Killed Duvessa
  6600 | D:6      | Reached skill level 5 in Spellcasting
  6917 | D:6      | Noticed Dowan
  6926 | D:6      | Killed Dowan
  7456 | D:6      | Found a staircase to the Ecumenical Temple.
  7957 | D:7      | Reached skill level 6 in Air Magic
  8152 | D:7      | Found a flagged portal.
  8165 | Bailey   | Entered a bailey
  8495 | Bailey   | Reached skill level 6 in Dodging
  8597 | Bailey   | Reached XP level 9. HP: 59/59 MP: 18/20
  8811 | Bailey   | HP: 16/93 [orc warrior/+0 halberd of electrocution (10)]
  8811 | Bailey   | HP: 5/93 [orc warrior/+0 halberd of electrocution (11)]
  8812 | Bailey   | Slain by an orc warrior

Vanquished Creatures
  Eustachio (D:4)
  Edmund (D:5)
  Duvessa (D:6)
  2 water moccasins (D:5)
  A black bear (D:4)
  2 ogres
  A phantom (D:5)
  A kobold brigand (D:6)
  A bullfrog (D:3)
  3 scorpions
  5 wights (D:7)
  Dowan (D:6)
  A howler monkey (D:5)
  A bombardier beetle (D:4)
  2 jellies (D:4)
  2 gnoll boudas (D:6)
  3 hounds
  An orc priest (D:4)
  A sleepcap (D:6)
  2 orc wizards
  2 iguanas (D:4)
  18 gnolls
  6 adders
  A shadow imp (D:7)
  A white imp (D:5)
  6 ufetubi
  2 dart slugs
  2 ribbon worms
  9 orcs
  7 ball pythons
  10 endoplasms
  17 goblins
  13 hobgoblins
  3 quokkas
  4 bats (D:1)
  6 frilled lizards
  10 kobolds
  10 rats
160 creatures vanquished.

Vanquished Creatures (others)
  A sky beast (D:7)
1 creature vanquished.

Grand Total: 161 creatures vanquished

Table legend:
 A = Non-vault XP
 B = Vault XP
 C = Vault XP percentage of total XP
 D = Non-vault monster count
 E = Vault monster count
 F = Vault count percentage of total count
                 A         B        C        D         E       F
            +---------+---------+-------+---------+---------+-------
      Total |    2229 |    1228 |  35.5 |     113 |      48 |  29.8
            +---------+---------+-------+---------+---------+-------
        D:1 |      54 |       0 |   0.0 |      31 |       0 |   0.0
        D:2 |      35 |      20 |  36.4 |      14 |       6 |  30.0
        D:3 |     105 |       0 |   0.0 |       8 |       0 |   0.0
        D:4 |     395 |     531 |  57.3 |      17 |      17 |  50.0
        D:5 |     664 |     158 |  19.2 |      10 |       1 |   9.1
        D:6 |     425 |     336 |  44.2 |      23 |       3 |  11.5
        D:7 |     551 |       8 |   1.4 |      10 |       4 |  28.6
     Bailey |       0 |     175 | 100.0 |       0 |      17 | 100.0
            +---------+---------+-------+---------+---------+-------

Skill      XL: |  1  2  3  4  5  6  7  8 |
---------------+-------------------------+-----
Conjurations   | 1 2 3 4 5 |  5.7
Dodging        | 2 3 4 6 |  6.1
Spellcasting   | 2 3 4 5 |  5.5
Air Magic      | 3 4 5 6 |  6.0
Stealth        | |  1.7

Action                     |  1- 3 |  4- 6 |  7- 9 || total
---------------------------+-------+-------+-------++-------
  Melee: Unarmed           |     5 |       |       ||     5
         Dagger            |     2 |     2 |     3 ||     7
   Cast: Shock             |   108 |    63 |   207 ||   378
         Static Discharge  |       |     5 |    18 ||    23
         Airstrike         |       |     5 |    23 ||    28
         Swiftness         |       |       |     3 ||     3
  Evoke: Wand              |       |       |     1 ||     1
    Use: Scroll            |     9 |     4 |     4 ||    17
         Potion            |       |       |     1 ||     1
 Armour: Robe              |    10 |    18 |    51 ||    79
         Skin              |       |       |     2 ||     2
  Dodge: Dodged            |    14 |    15 |    46 ||    75

Illustrated notes

Table legend:
 A = Kills in this place as a percentage of kills in the entire game.
 B = Kills by you in this place as a percentage of kills by you in the entire game.
 C = Kills by friends in this place as a percentage of kills by friends in the entire game.
 D = Other kills in this place as a percentage of other kills in the entire game.
 E = Experience gained in this place as a percentage of experience gained in the entire game.
 F = Experience gained in this place divided by the number of levels of this place that you have seen.
                   A       B       C       D       E      F
               +-------+-------+-------+-------+-------+----------------------
         Total | 100.0 | 100.0 |   N/A | 100.0 | 100.0 | 432.1
       Dungeon |  89.4 |  89.4 |   N/A | 100.0 |  94.9 | 468.9
        Bailey |  10.6 |  10.6 |   N/A |   0.0 |   5.1 | 175.0
               +-------+-------+-------+-------+-------+----------------------

Table legend: (Time is in decaauts)
 A = Elapsed time spent in this place.
 B = Non-inter-level travel time spent in this place.
 C = Inter-level travel time spent in this place.
 D = Time resting spent in this place.
 E = Time spent auto-exploring this place.
 F = Levels seen in this place.
 G = Mean time per level.
                   A        B        C        D        E       F      G
               +--------+--------+--------+--------+--------+-----+--------+
         Total |   8804 |   8604 |    200 |    801 |   6878 |   8 | 1100.5 |
       Dungeon |   8157 |   7957 |    200 |    572 |   6540 |   7 | 1165.3 |
        Bailey |    646 |    646 |      0 |    229 |    338 |   1 |  646.0 |
               +--------+--------+--------+--------+--------+-----+--------+

Top non-repeatable levels by time:
     D:6: 1613 daAuts
     D:4: 1458 daAuts
     D:5: 1264 daAuts
     D:2: 1253 daAuts
     D:1: 1132 daAuts
     D:3: 890 daAuts
  Bailey: 646 daAuts
     D:7: 545 daAuts
